 Dungeon Crawl Stone Soup version 0.18-a0-721-g8fc53f4 (console) character file.

42 bli the Scratcher (level 3, -8/16 HPs)
             Began as a Felid Transmuter on Dec 8, 2015.
             Mangled by Sigmund
             ... wielding a +0 scythe
              (12 damage)
             ... on level 2 of the Dungeon.
             The game lasted 00:03:48 (1523 turns).

bli the Scratcher (Felid Transmuter)                Turns: 1523, Time: 00:03:49

Health: -8/16      AC:  1    Str:  7    XL:     3   Next: 33%
Magic:  7/7        EV: 19    Int: 14    God:
Gold:   122        SH:  0    Dex: 16    Spells: 1 memorised, 5 levels left
                                        Lives:  0   Deaths: 1

rFire  . . .     SeeInvis +       - Unarmed
rCold  . . .     Clarity  .     (armour unavailable)
rNeg   . . .     SustAt   .     (shield unavailable)
rPois  .         Gourm    .     (helmet unavailable)
rElec  .         Spirit   .     (cloak unavailable)
rCorr  .         Dismiss  .     (gloves unavailable)
rMut   .         Stasis   .     (boots unavailable)
MR     .....                    (no amulet)
Stlth  +.........               (no ring)
                                (no ring)

@: confused, quick, not resistant to hostile enchantments, very unstealthy
A: no armour, no weapons or thrown items, claws 1, fangs 3, see invisible,
carnivore 3, speed 1, shaggy fur 1, slow metabolism 1, sharp paws
a: no special abilities


You were on level 2 of the Dungeon.
You were not hungry.

You visited 1 branch of the dungeon, and saw 2 of its levels.

You collected 122 gold pieces.

Inventory:

Missiles
 a - 12 arrows
Scrolls
 e - a scroll of fog {unknown}
 i - a scroll of enchant armour {unknown}
 k - a scroll of identify {unknown}
 m - a scroll of noise {unknown}
Potions
 d - 5 potions of curing {unknown}
 g - a potion of flight {unknown}
 h - a potion of heal wounds {unknown}
 j - 2 potions of degeneration {unknown}
 l - a potion of cancellation {unknown}
Books
 b - a book of Changes

   Spells                             Type                      Level
   a - Beastly Appendage              Transmutation                1
   b - Sticks to Snakes               Transmutation                2
   c - Spider Form                    Transmutation/Poison         3
   d - Ice Form                       Ice/Transmutation            4
   e - Blade Hands                    Transmutation                5
Comestibles
 c - 2 meat rations
 f - a beef jerky


   Skills:
 * Level 1.9 Fighting
 + Level 3.6 Dodging
 + Level 1.1 Stealth
 * Level 4.0 Unarmed Combat
 + Level 2.3 Spellcasting
 + Level 2.2 Transmutations


You had 5 spell levels left.
You knew the following spells:

 Your Spells              Type           Power        Failure   Level  Hunger
a - Beastly Appendage     Trmt           #.....       12%         1    #......


Dungeon Overview and Level Annotations

Branches:
Dungeon (2/15)

Altars:

Annotations:
D:2 Sigmund


Innate Abilities, Weirdness & Mutations

You cannot wear armour.
You are incapable of wielding weapons or throwing items.
You have sharp claws.
You have razor-sharp teeth.
You have supernaturally acute eyesight.
You are carnivorous and can eat meat at any time.
You cover ground quickly.
You are covered in fur (AC +1).
You have a slow metabolism.
Your sharp claws are effective at attacking unaware monsters.


Message History

Sigmund shouts!
Sigmund completely misses you.
Found 12 gold pieces.
You closely miss Sigmund. Sigmund misses you.
You scratch Sigmund. Your bite misses Sigmund.
Sigmund is lightly wounded.
Sigmund casts a spell at you.
You are confused.
You scratch Sigmund.
Sigmund is moderately wounded.
Sigmund gestures at you while chanting. The puff of flame hits you!
Ouch! That really hurt!
* * * LOW HITPOINT WARNING * * *
You scratch Sigmund but do no damage.
Sigmund is moderately wounded.
Sigmund misses you.
Sigmund hits you from afar with a scythe!
Ouch! That really hurt!
You die...

##.#...######
...##.......#
......#####.. #####.#
##.. ##..###### .... ..
###........# #..# $..
.........#.#####.. ....
###.####.......... #..
###.##.....#...#.# ...
)##.##.###.# #...##.#
.†.....# #.## #.@...#
.....### #..####..###
.##...#####.##.@...#####
....#..........#.#.....#
##. #######.#.##.#####.#
#........# #.## #
####.#..#.###..#
#...#....#.##..###.#
#.........##..##.#
###.####...##....# ...
#.#.#####....#


You could see Sigmund.

Vanquished Creatures
  Terence (D:2)
  Natasha (D:2)
  2 adders (D:2)
  2 giant geckos
  4 giant cockroaches
  A hobgoblin (D:2)
  2 kobolds (D:1)
  6 bats
  A giant newt (D:1)
  4 goblins
  2 rats (D:1)
26 creatures vanquished.

Notes
Turn   | Place    | Note
--------------------------------------------------------------
     0 | D:1      | bli the Felid Transmuter began the quest for the Orb.
     0 | D:1      | Reached XP level 1. HP: 9/9 MP: 4/4
   333 | D:1      | Reached XP level 2. HP: 2/12 MP: 4/6
  1148 | D:2      | Noticed Terence
  1197 | D:2      | Killed Terence
  1197 | D:2      | Reached skill level 4 in Unarmed Combat
  1197 | D:2      | Reached XP level 3. HP: 11/15 MP: 7/7
  1412 | D:2      | Reached skill level 1 in Stealth
  1416 | D:2      | Noticed Sigmund
  1450 | D:2      | Noticed Natasha
  1457 | D:2      | Killed Natasha
  1457 | D:2      | Reached XP level 4. HP: 2/19 MP: 8/8
  1464 | D:2      | Slain by an adder
  1465 | D:2      | Reached XP level 3. HP: -4/16 MP: 7/7
  1523 | D:2      | Mangled by Sigmund

Vault maps used:
D:1:      eino_arrival_water_star
D:2:      uniq_natasha, uniq_sigmund, uniq_terence

Action                   |  1- 3 |  4- 6 || total
-------------------------+-------+-------++-------
Melee: Unarmed           |    92 |       ||    92
 Cast: Beastly Appendage |     5 |       ||     5
 Stab: Sleeping          |     2 |       ||     2
  Eat: Chunk             |     8 |     1 ||     9
